 Dungeon Crawl Stone Soup version 0.28-a0-519-gbfeecf2fc5 (webtiles) character file.

Game seed: 9252763793183244209

6 SkeletonJelly the Grave Robber (level 1, 0/10 HPs)
             Began as a Deep Elf Necromancer on Sept 24, 2021.
             Slain by a hobgoblin (3 damage)
             ... on level 1 of the Dungeon.
             The game lasted 00:00:35 (233 turns).

SkeletonJelly the Grave Robber (DENe)                Turns: 233, Time: 00:00:35

Health: 0/10       AC:  2    Str:  5    XL:     1   Next: 75%
Magic:  2/6        EV: 12    Int: 19    God:
Gold:   34         SH:  0    Dex: 15    Spells: 5/6 levels left

rFire   . . .      SeeInvis .   (no weapon)
rCold   . . .      Faith    .   (no shield)
rNeg    . . .      Spirit   .   a - +0 robe
rPois   .          Reflect  .   (no helmet)
rElec   .          Harm     .   (no cloak)
rCorr   .          Rampage  .   (no gloves)
Will    .....                   (no boots)
Stlth   ++........              (no amulet)
HPRegen 0.03/turn               (no ring)
MPRegen 0.10/turn               (no ring)

@: no status effects
A: no striking features
a: no special abilities


You were on level 1 of the Dungeon.
You visited 1 branch of the dungeon, and saw 1 of its levels.

You collected 34 gold pieces.

Inventory:

Armour
 a - a +0 robe (worn)


   Skills:
 + Level 2.5 Dodging
 + Level 2.6 Stealth
 + Level 3.1 Spellcasting
 * Level 5.0 Necromancy


You had 5 spell levels left.
You knew the following spells:

 Your Spells              Type           Power      Damage    Failure   Level
a - Pain                  Necr           88%        1d8       1%          1

Your spell library contained the following spells:

 Spells                   Type           Power      Damage    Failure   Level
 Animate Skeleton         Necr           44%        N/A       1%          1
 Vampiric Draining        Necr           11%        2d7       6%          3
 Animate Dead             Necr           11%        N/A       19%         4
 Agony                    Necr           22%        N/A       47%         5


Dungeon Overview and Level Annotations

Branches:
Dungeon (1/15)

Altars:


Message History

You can't see any susceptible monsters within range! (Use Z to cast anyway.)
You can't see any susceptible monsters within range! (Use Z to cast anyway.) Magic restored.
HP restored.
Found a leather armour.
Health restored: 10; MP restored: 6 You see here a +0 leather armour.
Key pressed, stopping explore.
Key pressed, stopping explore.
A goblin comes into view. It is wielding a +0 club.
A goblin is nearby!
The goblin barely resists.
You take 1 damage, and have 9/10 hp.
You now have 5/6 mp.
The goblin writhes in agony!
You kill the goblin!
You take 1 damage, and have 8/10 hp.
You now have 4/6 mp.
You can't see any susceptible monsters within range! (Use Z to cast anyway.)
You can't see any susceptible monsters within range! (Use Z to cast anyway.)
You can't see any susceptible monsters within range! (Use Z to cast anyway.)
You can't see any susceptible monsters within range! (Use Z to cast anyway.)
Found a stone staircase leading down.
Health restored: 10; MP restored: 6 An endoplasm comes into view.
An endoplasm is nearby!
An endoplasm is nearby!
The endoplasm quivers.
The endoplasm writhes in agony!
You kill the endoplasm!
You take 1 damage, and have 9/10 hp.
You now have 5/6 mp.
You can't see any susceptible monsters within range! (Use Z to cast anyway.)
You can't see any susceptible monsters within range! (Use Z to cast anyway.)
You can't see any susceptible monsters within range! (Use Z to cast anyway.)
You can't see any susceptible monsters within range! (Use Z to cast anyway.)
You can't see any susceptible monsters within range! (Use Z to cast anyway.)
A ball python comes into view.
Health restored: 10; MP restored: 6 A ball python is nearby!
A ball python is nearby!
You miscast Pain.
You are very lightly contaminated with residual magic.
Nothing appears to happen.
You now have 5/6 mp.
The ball python hisses angrily.
The ball python writhes in agony.
You kill the ball python!
You take 1 damage, and have 9/10 hp.
You now have 4/6 mp.
You can't see any susceptible monsters within range! (Use Z to cast anyway.)
You can't see any susceptible monsters within range! (Use Z to cast anyway.) No target in view!
You can't see any susceptible monsters within range! (Use Z to cast anyway.)
You can't see any susceptible monsters within range! (Use Z to cast anyway.)
Your magical contamination has completely faded away.
A kobold comes into view. It is wielding a +0 dagger.
Health restored: 10; MP restored: 6 A kobold is nearby!
A kobold is nearby!
A rat comes into view.
The kobold shouts!
You hear a shout!
The kobold writhes in agony!
You kill the kobold!
A hobgoblin comes into view. x2
Your Necromancy skill increases to level 5!
You take 1 damage, and have 9/10 hp.
You now have 5/6 mp.
The rat writhes in agony.
You kill the rat!
You take 1 damage, and have 8/10 hp.
You now have 4/6 mp.
You can't see any susceptible monsters within range! (Use Z to cast anyway.)
You can't see any susceptible monsters within range! (Use Z to cast anyway.)
You can't see any susceptible monsters within range! (Use Z to cast anyway.)
You can't see any susceptible monsters within range! (Use Z to cast anyway.)
You can't see any susceptible monsters within range! (Use Z to cast anyway.)
The hobgoblin writhes in agony.
You take 1 damage, and have 7/10 hp.
You now have 3/6 mp.
The hobgoblin writhes in agony.
You take 1 damage, and have 6/10 hp.
You now have 2/6 mp.
The hobgoblin barely resists.
You take 1 damage, and have 5/10 hp.
You now have 1/6 mp.
You are too injured to fight recklessly!
You are too injured to fight recklessly!
You are too injured to fight recklessly!
You are too injured to fight recklessly!
You are too injured to fight recklessly!
You are too injured to fight recklessly!
You are too injured to fight recklessly!
Casting: Pain (safe; 1% risk of failure)
Confirm with . or Enter, or press ? or * to list all spells.
Aiming: Pain (safe; 1% risk of failure)
Press: ? - help, Shift-Dir - straight line, f/p - hobgoblin
Aim: a hobgoblin (chance to affect: 91%)
The hobgoblin writhes in agony.
The hobgoblin barely misses you.
You take 1 damage, and have 4/10 hp.
You now have 0/6 mp.
You barely miss the hobgoblin.
The hobgoblin is almost dead.
The hobgoblin misses you. The hobgoblin closely misses you.
The hobgoblin hits you.
* * * LOW HITPOINT WARNING * * *
You take 2 damage, and have 2/10 hp.
The hobgoblin hits you.
You die...

#......# #............#
#......#.#.........)..#
#......#.#............#
#......#.#............#
#......#.#........#.####
#......#.#........#.....
#......#.#........######
#....gg#.#........#
####...@.....#.####
#####.......# #########


You could see 2 hobgoblins.

Vanquished Creatures
  An endoplasm (D:1)
  A goblin (D:1)
  A kobold (D:1)
  2 ball pythons (D:1)
  A rat (D:1)
6 creatures vanquished.

Notes
Turn   | Place    | Note
-------+----------+-------------------------------------------
     0 | D:1      | SkeletonJelly the Deep Elf Necromancer began the quest for
                  | the Orb.
     0 | D:1      | Reached XP level 1. HP: 10/10 MP: 6/6
   207 | D:1      | Reached skill level 5 in Necromancy
   233 | D:1      | Slain by a hobgoblin

Illustrated notes

Levels and vault maps discovered:
D:1:      matt_arrival_grand_opening, layout_basic

Skill      XL: |  1 |
---------------+----+-----
Necromancy     | 5 |  5.0
Dodging        | |  2.5
Stealth        | |  2.6
Spellcasting   | |  3.1

Action                   || total
-------------------------++-------
Melee: Unarmed           ||     1
 Cast: Pain              ||    11
Dodge: Dodged            ||     3

Table legend: (Time is in decaauts)
 A = Elapsed time spent in this place.
 B = Non-inter-level travel time spent in this place.
 C = Inter-level travel time spent in this place.
 D = Time resting spent in this place.
 E = Time spent auto-exploring this place.
 F = Levels seen in this place.
 G = Mean time per level.
                   A        B        C        D        E       F      G
               +--------+--------+--------+--------+--------+-----+--------+
         Total |    233 |    233 |      0 |      0 |    182 |   1 |  233.0 |
       Dungeon |    233 |    233 |      0 |      0 |    182 |   1 |  233.0 |
               +--------+--------+--------+--------+--------+-----+--------+

Top non-repeatable levels by time:
     D:1: 233 daAuts
